Unix NetHack Version 5.0.0-0 post-release - last build May  3 2026 23:40:34 (9823c992c0763bbd039eca2974112f46eaf799b3,branch:main).

Game began 2026-05-04 02:04:40, ended 2026-05-04 02:09:23.

DaveT, lawful male human Priest

                         -.`--------------
                         .G@`...........<.
                         .G`|..#-..------.

DaveT the Acolyte            St:10 Dx:14 Co:10 In:12 Wi:17 Ch:12  Lawful
Dlvl:3  $:293 HP:0(31) Pw:54(54) AC:3  Xp:3 T:944 

Latest messages:
 What do you want to add to the writing in the dust here? Elbereth
 The floor is riddled by bullet holes!
 What do you want to call? [ns-w or ?*] ?
 Call a hexagonal wand: magic missile
 You see here an empty broken large box.
 Something is written here in the dust.
 You read: "ooElb?retr".
 Something is written here in the dust.
 You read: "ooEl|? e?r".
 You see no objects here.
 You find a hidden door.
 The door resists!
 The door resists!
 The door opens.
 The fox bites!
 You kill the fox!
 There is a fox corpse here; eat it? [ynq] (n) y
 This fox corpse is stringy.
 You finish eating the fox corpse.
 x - a bubbly potion.
 You find a hidden passage.
 The jackal just misses!
 The jackal bites!
 You kill the jackal!
 You descend the stairs.
 You hear crashing rock.
 You hit the gnome king.
 The gnome king hits!
 You hit the gnome king!
 The gnome king hits!
 It is hit.
 It is hit.
 It is destroyed!
 The gnome hits!
 You miss the gnome king.
 The gnome king reads a scroll labeled YUM YUM!
 The ceiling rumbles above the gnome king!
 The gnome king is hit by a boulder!
 The gnome king is killed.
 You are hit by a boulder!
 Fortunately, you are wearing a hard helmet.
 The gnome hits!
 You try to move the boulder, but in vain.
 You miss the gnome.
 The gnome hits!
 You hit the gnome.
 The gnome hits!
 You die...
 Do you want your possessions identified? [ynq] (y) y
 Do you want to see your attributes? [ynq] (y) q

Inventory:
 Coins    ('$')
  $ - 293 gold pieces
 Weapons  (')')
  i - 9 +0 darts
  m - a blessed +0 orcish dagger
  a - a blessed +1 mace (weapon in right hand)
 Armor    ('[')
  n - a +0 orcish helm (being worn)
  c - a blessed +3 small shield (being worn)
  b - a +0 robe (being worn)
 Comestibles  ('%')
  e - 2 cloves of garlic
  p - 2 food rations
  j - 2 cursed lembas wafers
  f - a sprig of wolfsbane
  k - a lichen corpse
 Scrolls  ('?')
  u - a scroll of charging
  s - a cursed scroll of enchant weapon
 Spellbooks  ('+')
  h - a spellbook of detect monsters
  g - a spellbook of light
 Potions  ('!')
  x - a potion of booze
  t - a potion of monster detection
  d - 4 potions of holy water
 Wands    ('/')
  q - a wand of digging (0:5)
  v - a wand of magic missile (0:3)
 Gems/Stones  ('*')
  w - 2 worthless pieces of green glass

DaveT the Priest's attributes:

Background:
 You were an Acolyte, a level 3 human Priest.
 You were lawful, on a mission for Lugh
 who was opposed by Brigit (neutral) and Manannan Mac Lir (chaotic).
 You were right-handed.
 You were in the Gnomish Mines, on level 3.
 You entered the dungeon 944 turns ago.
 It was nighttime.
 There was a full moon in effect when your adventure ended.
 You had 45 experience points, 35 more were needed to attain level 4.

Basics:
 You had 0 out of 31 hit points.
 You had all 54 energy points (spell power).
 Your armor class was 3.
 Your wallet contained 293 zorkmids.
 Autopickup was off.

Final Characteristics:
 Your strength was 10 (limit:18/100).
 Your dexterity was 14 (limit:18).
 Your constitution was 10 (limit:18).
 Your intelligence was 12 (limit:18).
 Your wisdom was 17 (peak:18, limit:18).
 Your charisma was 12 (limit:18).

Final Status:
 You weren't hungry.
 You were unencumbered.
 You were wielding a mace.
 You had basic skill with mace.

Final Attributes:
 You were devoutly aligned.
 You were guarded.
 Your spell casting was enhanced by wearing a robe.
 You were lucky.
 You are dead.

Miscellaneous:
 You didn't encounter any bones levels.
 Total elapsed playing time was 4 minutes and 42 seconds.

Major events:
 Turn
    1: DaveT the lawful human Priest entered the dungeon
  549: entered the Gnomish Mines
  680: attained the rank of Acolyte (level 3)
  944: killed by a gnome

Spells:
 Name                 Level Category     Fail Retention
 light                  1   clerical       0%  91%-100%
 detect monsters        1   divination     0%  76%-100%

Skills:
 Fighting Skills
   bare handed combat [Unskilled]
 Weapon Skills
   club               [Unskilled]
   mace               [Basic]
   morning star       [Unskilled]
   flail              [Unskilled]
   hammer             [Unskilled]
   quarterstaff       [Unskilled]
   polearms           [Unskilled]
   spear              [Unskilled]
   trident            [Unskilled]
   lance              [Unskilled]
   bow                [Unskilled]
   sling              [Unskilled]
   crossbow           [Unskilled]
   dart               [Unskilled]
   shuriken           [Unskilled]
   boomerang          [Unskilled]
   unicorn horn       [Unskilled]
 Spellcasting Skills
   healing spells     [Unskilled]
   divination spells  [Unskilled]
   clerical spells    [Basic]

Voluntary challenges:
 Character rerolling was not enabled.
 You were an atheist.
 You never genocided any monsters.
 You never polymorphed an object.
 You never changed form.
 You used no wishes.
Achievements:
 You entered the Gnomish Mines.
 You attained the rank of Acolyte.

 The Dungeons of Doom: levels 1 to 3
    Level 1:
    Level 2:
       Stairs down to The Gnomish Mines.
    Level 3:
 The Gnomish Mines:
    Level 3: <- You were here.
       Final resting place for
          you, killed by a gnome.


Vanquished creatures:
  a gnome ruler
  a kitten
  a brown mold
  a gnome
  a jackal
  a fox
  a goblin
  2 sewer rats
  2 grid bugs
  5 lichens
  a newt
17 creatures vanquished.

No species were genocided or became extinct.

Game over:
                       ----------
                      /          \
                     /    REST    \
                    /      IN      \
                   /     PEACE      \
                  /                  \
                  |      DaveT       |
                  |      293 Au      |
                  |   killed by a    |
                  |      gnome       |
                  |                  |
                  |                  |
                  |       2026       |
                 *|     *  *  *      | *
        _________)/\\_//(\/(/\)/\//\/|_)_______

Goodbye DaveT the Priest...

You died in The Gnomish Mines on dungeon level 3 with 584 points,
and 293 pieces of gold, after 944 moves.
You were level 3 with a maximum of 31 hit points when you died.

